 Dungeon Crawl Stone Soup version 0.26-a0-1139-g7d2dc893a1 (webtiles) character file.

Game seed: 1741434433906600370

9 Dracia the Skirmisher (level 2, 24/24 HPs)
             Began as a Demonspawn Fighter on Dec 21, 2020.
             Quit the game on level 1 of the Dungeon.
             The game lasted 00:00:30 (171 turns).

Dracia the Skirmisher (Demonspawn Fighter)           Turns: 171, Time: 00:00:31

Health: 24/24      AC:  6    Str: 16    XL:     2   Next: 6%
Magic:  2/2        EV:  6    Int:  9    God:
Gold:   0          SH:  8    Dex: 12    Spells: 1/1 levels left

rFire    . . .     SeeInvis .   a - +0 war axe
rCold    . . .     Faith    .   c - +0 kite shield
rNeg     . . .     Spirit   .   b - +0 scale mail
rPois    .         Reflect  .   (no helmet)
rElec    .         Harm     .   (no cloak)
rCorr    .         Rampage  .   (no gloves)
Will     .....                  (no boots)
Stlth    ..........             (no amulet)
HPRegen  0.08/turn              (no ring)
MPRegen  0.08/turn              (no ring)

@: no status effects
A: talons 1
a: no special abilities


You were on level 1 of the Dungeon.
You visited 1 branch of the dungeon, and saw 1 of its levels.


Innate Abilities, Weirdness & Mutations

You have sharp toenails.


   Skills:
 - Level 3.0 Fighting
 * Level 2.3 Axes
 - Level 2.6 Armour
 + Level 2.9 Shields


You had one spell level left.
You didn't know any spells.
Your spell library was empty.

Inventory:

Hand Weapons
 a - a +0 war axe (weapon)
Armour
 b - a +0 scale mail (worn)
 c - a +0 kite shield (worn)
Scrolls
 e - a scroll of teleportation {unknown}
 f - a scroll of remove curse {unknown}
Potions
 d - a potion of might

Dungeon Overview and Level Annotations

Branches:
Dungeon (1/15)

Altars:

#..#####.#........#.#
.........#.##.###.#.#
#........#.##)###.#.
##..........).......#
#.............###.###
#.#####......## .#
#.......##.#.#
########.##...#
....K..@.##.###
########.##.# #.##..
#.# #.# #.# #.# .#


You could see a kobold.


Message History

You slash the goblin!
You kill the goblin!
Your shield and scale mail prevent you from hitting the hobgoblin.
The hobgoblin hits you with a +0 club.
You slash the hobgoblin!
You kill the hobgoblin!
The goblin barely misses you.
You hit the goblin.
You kill the goblin!
You have reached level 2!
You feel monstrous as your demonic heritage exerts itself.
Your demonic ancestry asserts itself...
Your toenails lengthen and sharpen.
You block the kobold's attack.
Things that are here:
a +0 club; a hobgoblin corpse You hit the kobold.
You kill the kobold!
No target in view!
No target in view!
No target in view!
No target in view!
Things that are here:
a +0 whip; a kobold corpse No target in view!
A kobold comes into view. It is wielding a +0 dagger.
The kobold shouts!
A kobold is nearby!
A kobold is nearby!
Are you sure you want to abandon this character and quit the game? (Confirm with "yes".)

Skill      XL: |  1 |
---------------+----+-----
Axes           | 2 |  2.3
Fighting       | |  3.0
Armour         | |  2.6
Shields        | |  2.9

Action                   || total
-------------------------++-------
Melee: War axe           ||    14
Armor: Scale mail        ||     3
Dodge: Dodged            ||     4
Block: Kite shield       ||     6

Levels and vault maps discovered:
D:1:      elethiomel_arrival_infinity_welcomes_careful_drivers,
          layout_loops_ring, chequers_serial_rivers_small_3, minmay_pentomino_w2

Notes
Turn   | Place    | Note
-------+----------+-------------------------------------------
     0 | D:1      | Dracia the Demonspawn Fighter began the quest for the Orb.
     0 | D:1      | Reached XP level 1. HP: 18/18 MP: 1/1
    65 | D:1      | Reached skill level 2 in Axes
    93 | D:1      | You feel monstrous as your demonic heritage exerts itself.
    93 | D:1      | Gained mutation: You have sharp toenails. [demonic
                  | ancestry]
    93 | D:1      | Reached XP level 2. HP: 18/24 MP: 2/2
   171 | D:1      | Quit the game

Vanquished Creatures
  A dart slug (D:1)
  A hobgoblin (D:1)
  A ball python (D:1)
  A bat (D:1)
  3 goblins (D:1)
  A kobold (D:1)
8 creatures vanquished.

Table legend: (Time is in decaauts)
 A = Elapsed time spent in this place.
 B = Non-inter-level travel time spent in this place.
 C = Inter-level travel time spent in this place.
 D = Time resting spent in this place.
 E = Time spent auto-exploring this place.
 F = Levels seen in this place.
 G = Mean time per level.
                   A        B        C        D        E       F      G
               +--------+--------+--------+--------+--------+-----+--------+
         Total |    178 |    178 |      0 |      0 |    136 |   1 |  178.0 |
       Dungeon |    178 |    178 |      0 |      0 |    136 |   1 |  178.0 |
               +--------+--------+--------+--------+--------+-----+--------+

Top non-repeatable levels by time:
     D:1: 178 daAuts

Table legend:
 A = Non-vault XP
 B = Vault XP
 C = Vault XP percentage of total XP
 D = Non-vault monster count
 E = Vault monster count
 F = Vault count percentage of total count
                 A         B        C        D         E       F
            +---------+---------+-------+---------+---------+-------
      Total |      14 |       0 |   0.0 |       8 |       0 |   0.0
            +---------+---------+-------+---------+---------+-------
        D:1 |      14 |       0 |   0.0 |       8 |       0 |   0.0
            +---------+---------+-------+---------+---------+-------
